Map: Triton LE

Players

Lambo

  • Race: Zerg Zerg
  • Spawn Location: 11:00

Cyan - Winner!

  • Race: Protoss Protoss
  • Spawn Location: 5:00

VOD

Have the link to the VOD?

Description

Time

  • Played on: Sept. 6, 2019, 7:09 p.m.
  • Length: 8:17
Show
View Real Time Build Order
Export as new Build Order

Lambo Zerg 

Build Orders: Hatch First 

Get SALT Encoding   

  12  0:01  Drone  
  13  0:12  Overlord  
  13  0:17  Drone  
  14  0:30  Drone x2  
  16  0:48  Hatchery  
  15  0:52  Drone  
  15  0:54  Drone  
  17  0:57  Drone  
  18  1:10  Extractor  
  17  1:12  Spawning Pool  
  17  1:16  Drone  
  17  1:19  Drone  
  18  1:28  Drone  
  19  1:38  Drone  
  20  1:50  Overlord  
  20  1:59  Queen x2  
  20  2:00  Zergling x4  
  26  2:10  Drone x2  
  28  2:23  Drone x2  
  30  2:34  Hatchery  
  30  2:35  Drone, Pneumatized Carapace  
  30  2:42  Drone  
  30  2:43  Drone  
  32  2:44  Overlord  
  32  2:51  Queen  
  32  2:54  Drone  
  35  3:02  Drone  
  37  3:05  Drone x2  
  37  3:07  Drone  
  37  3:08  Drone x2  
  40  3:15  Metabolic Boost  
  40  3:20  Overlord  
  40  3:23  Drone  
  41  3:28  Drone  
  41  3:31  Queen  
  41  3:32  Spore Crawler  
  43  3:37  Overlord  
  43  3:39  Drone x2  
  45  3:46  Queen  
  45  3:48  Drone x2  
  49  3:56  Spore Crawler, Drone x3  
  49  3:57  Spore Crawler  
  49  3:58  Drone  
  49  3:59  Drone  
  49  4:00  Zergling x2  
  53  4:04  Zergling x4  
  53  4:09  Drone, Zergling x2  
  57  4:19  Drone  
  57  4:22  Drone x2  
  57  4:26  Overlord  
  57  4:29  Overlord  
  57  4:30  Overlord  
  57  4:44  Queen  
  57  4:45  Drone x6  
  65  4:48  Overlord, Lair  
  65  4:50  Roach Warren, Drone x3  
  67  4:53  Drone x2  
  69  5:03  Drone x3  
  69  5:04  Drone x3  
  69  5:06  Extractor  
  74  5:07  Drone x2, Extractor  
  74  5:08  Evolution Chamber  
  74  5:10  Drone  
  75  5:14  Overlord  
  75  5:18  Zergling x4  
  77  5:23  Zergling x2  
  76  5:29  Zergling x6  
  76  5:31  Roach x2  
  76  5:33  Roach  
  83  5:37  Roach x2  
  83  5:38  Roach  
  83  5:41  Roach  
  84  5:47  Roach x2  
  79  5:51  Roach  
  79  5:56  Roach x4  
  78  6:00  Roach  
  74  6:15  Roach  
  76  6:21  Drone  
  67  6:41  Nydus Network  
  67  6:44  Zergling x8  
  70  6:51  Ravager  
  71  7:00  Zergling x6  
  71  7:01  Zergling x4  
  75  7:13  Zergling x6  
  79  7:15  Ravager  
  79  7:17  Ravager  
  79  7:20  Nydus Canal  
  79  7:21  Zergling x2  
  81  7:24  Ravager  
  81  7:25  Zergling x2  
  83  7:30  Roach  
  85  7:38  Zergling x6  
  85  7:41  Ravager  
  89  7:45  Zergling x2  
  89  7:46  Ravager  
  89  7:47  Zergling x2  
  92  7:54  Zergling x4  
  81  8:00  Zergling x2  
Show
View Real Time Build Order
Export as new Build Order

Cyan Protoss - Winner!

Build Orders: 1 Gate Expand, Oracle Opening, Phoenix Opening 

Get SALT Encoding   

  12  0:00  Probe  
  13  0:12  Probe  
  14  0:18  Pylon  
  14  0:24  Probe  
  15  0:32  Probe  
  15  0:38  Gateway  
  15  0:40  Probe  
  16  0:46  Assimilator  
  17  0:51  Probe  
  18  1:03  Probe  
  19  1:15  Probe  
  20  1:23  Nexus  
  20  1:33  Cybernetics Core  
  20  1:37  Probe  
  21  1:42  Assimilator  
  21  1:49  Probe  
  21  1:52  Pylon  
  22  2:00  Adept  
  22  2:01  Probe  
  23  2:13  Probe  
  26  2:16  Stargate  
  26  2:25  Warp Gate, Probe  
  27  2:30  Adept  
  27  2:32  Probe  
  27  2:33  Probe  
  30  2:40  Probe  
  30  2:41  Probe  
  31  2:50  Probe  
  33  2:52  Probe  
  33  2:56  Phoenix  
  35  3:03  Probe  
  38  3:12  Gateway, Probe  
  39  3:14  Pylon  
  39  3:15  Oracle  
  39  3:20  Probe  
  39  3:24  Probe  
  44  3:34  Twilight Council  
  44  3:38  Gateway  
  44  3:40  Gateway  
  44  3:43  Zealot  
  44  3:45  Probe, Resonating Glaives  
  44  3:47  Probe  
  48  3:51  Pylon  
  48  3:58  Probe  
  48  3:59  Assimilator  
  48  4:00  Probe  
  50  4:03  Pylon  
  50  4:10  Probe  
  50  4:13  Adept  
  50  4:16  Probe  
  54  4:28  Adept  
  54  4:29  Nexus  
  56  4:33  Adept  
  56  4:36  Probe x2  
  60  4:39  Pylon  
  60  4:43  Adept  
  62  4:48  Probe x2  
  62  4:49  Adept  
  62  4:51  Adept  
  68  4:57  Adept  
  70  5:00  Probe  
  70  5:01  Pylon  
  70  5:04  Adept  
  73  5:11  Assimilator  
  73  5:15  Robotics Facility  
  73  5:16  Adept x2  
  73  5:19  Adept  
  79  5:25  Probe  
  80  5:29  Pylon  
  80  5:38  Robotics Facility  
  80  5:41  Sentry x2  
  80  5:42  Probe x2  
  86  5:47  Adept  
  86  5:48  Probe  
  87  5:54  Probe  
  86  5:58  Gateway  
  86  6:00  Gateway  
  84  6:05  Immortal  
  88  6:12  Sentry  
  88  6:13  Sentry  
  88  6:16  Probe  
  88  6:17  Gateway x2  
  91  6:20  Immortal, Pylon  
  83  6:35  Sentry  
  83  6:40  Shield Battery, Pylon  
  83  6:43  Pylon  
  83  6:44  Sentry  
  83  6:52  Immortal, Warp Prism  
  83  6:53  Sentry  
  85  6:54  Shield Battery, Adept x2  
  85  6:55  Adept  
  85  6:59  Shield Battery  
  95  7:09  Probe x3  
  95  7:13  Adept x2  
  102  7:21  Probe  
  102  7:22  Pylon  
  103  7:23  Sentry  
  103  7:24  Forge  
  103  7:25  Observer  
  103  7:28  Adept  
  103  7:29  Adept  
  110  7:40  Stalker  
  110  7:41  Stalker  
  110  7:43  Pylon  
  114  7:46  Shield Battery  
  114  7:47  Pylon  
  118  7:53  Adept x2  
  117  8:02  Adept x4  
Tags
 
Add a new tag
Caveats
  • Supply blocks, unpowered buildings, or Contaminate may cause inaccurate times.
  • Supply counts are checked every 10 seconds.